 Dungeon Crawl Stone Soup version 0.18.1-50-g88ac8fd (webtiles) character file.

231349 CountDeLaPain the Executioner (level 18, -7/172 HPs)
             Began as a Minotaur Berserker on Sept 26, 2016.
             Was a High Priest of Trog.
             Drowned by a drowned soul (17 damage)
             ... summoned by a merfolk avatar
             ... on level 4 of the Shoals.
             The game lasted 02:33:39 (37467 turns).

CountDeLaPain the Executioner (Minotaur Berserker) Turns: 37467, Time: 02:33:40

Health: -7/172     AC: 33    Str: 31    XL:     18   Next: 79%
Magic:  26/26      EV: 20    Int:  8    God:    Trog [*****.]
Gold:   2490       SH:  0    Dex: 16    Spells: 0 memorised, 17 levels left

rFire  . . .     SeeInvis .     B - +4 battleaxe (freeze)
rCold  + . .     Gourm    .     z - +9 plate armour "Beughip" {Str+6 Dex+5}
rNeg   . . .     Faith    .     (shield currently unavailable)
rPois  +         Spirit   .     o - +2 hat
rElec  +         Dismiss  .     v - +1 cloak
rCorr  .         Reflect  .     (no gloves)
SustAt .         Harm     .     t - +0 pair of boots
MR     +....                    w - amulet of the Air {Inacc +Fly rElec EV+5 RMsl}
Stlth  ..........               D - ring of poison resistance
                                f - ring of protection from cold

@: lethally poisoned (-7 -> -8), mesmerised, repel missiles, somewhat resistant
to hostile enchantments, extremely unstealthy
A: retaliatory headbutt, horns 2, talons 1
a: Berserk, Trog's Hand, Brothers in Arms, Burn Spellbooks, Renounce Religion,
Evoke Flight
}: 1/15 runes: gossamer


You were on level 4 of the Shoals.
You worshipped Trog.
Trog was extremely pleased with you.
You were not hungry.

You visited 6 branches of the dungeon, and saw 29 of its levels.

You collected 2632 gold pieces.
You spent 142 gold pieces at shops.

Inventory:

Hand Weapons
 b - a +2 antimagic executioner's axe
 B - a +4 battleaxe of freezing (weapon)
 V - the +2 glaive of the Final Decision {holy, +Inv}
   (Trog gifted it to you on level 3 of the Lair of Beasts)

   It has been blessed by the Shining One to cause great damage to the undead
   and demons.
   It lets you turn invisible.
Armour
 o - a +2 hat (worn)
 t - a +0 pair of boots (worn)
 v - a +1 cloak (worn)
 z - the +9 plate armour "Beughip" (worn) {Str+6 Dex+5}
   (You found it on level 7 of the Dungeon)

   It affects your strength (+6).
   It affects your dexterity (+5).
Jewellery
 f - a ring of protection from cold (left hand)
 w - the amulet of the Air (around neck) {Inacc +Fly rElec EV+5 RMsl}
   (You found it on level 5 of the Lair of Beasts)

   [amulet of inaccuracy]

   It reduces the accuracy of all your attacks.
   It affects your evasion (+5).
   It insulates you from electricity.
   It lets you fly.
   It protects you from missiles.
 D - a ring of poison resistance (right hand)
 H - a +6 ring of intelligence
 K - the ring "Riwnil" {Fragile rElec rN+ MR+}
   (You took it off Agnes on level 2 of the Spider Nest)

   [ring of protection from magic]

   It insulates you from electricity.
   It protects you from negative energy.
   It affects your resistance to hostile enchantments.
   It will be destroyed if unequipped.
 P - an uncursed ring of resist corrosion
Wands
 j - a wand of teleportation (5/9)
 l - a wand of slowing (31/48)
 C - a wand of teleportation (6/9)
 J - a wand of disintegration (14/24)
 S - a wand of paralysis (7/24)
 W - a wand of digging (11/24)
 X - a wand of disintegration (3/24)
Scrolls
 d - 3 scrolls of teleportation
 g - a scroll of fog
 h - 10 scrolls of remove curse
 n - 4 scrolls of recharging
 y - 3 scrolls of magic mapping
 A - 7 scrolls of identify
 F - a scroll of fear
 G - 6 scrolls of enchant weapon
 Q - a scroll of silence
 R - 5 scrolls of enchant armour
Potions
 e - 7 potions of might
 k - a potion of brilliance
 m - 8 potions of curing
 p - a potion of invisibility
 s - 7 potions of agility
 u - a potion of flight
 x - a potion of heal wounds
 E - a potion of haste
 I - 6 potions of ambrosia
 L - 2 potions of cancellation
 Z - a potion of cure mutation
Miscellaneous
 a - a phial of floods (inert)
 r - a lamp of fire
 O - a stone of tremors
Comestibles
 c - 9 bread rations
 i - 6 slices of pizza
 q - 7 meat rations
 M - 3 beef jerkies
 N - 3 fruits
 T - 2 royal jellies


   Skills:
 + Level 18.3 Fighting
 + Level 21.6 Axes
   Level 0.8(14.7) Maces & Flails
 + Level 2.5(14.9) Polearms
 + Level 17.5 Armour
 + Level 11.4 Dodging
 - Level 0.1 Stealth
 * Level 12.9 Evocations


You had 17 spell levels left.
You didn't know any spells.

Dungeon Overview and Level Annotations

Branches:
Dungeon (10/15)            Temple (0/1) D:6            Lair (8/8) D:9
 Shoals (4/4) Lair:5       Spider (4/4) Lair:3        Slime (0/6) Lair:8
    Orc (2/2) D:10            Elf (1/3) Orc:2

Altars:
Ashenzari
Dithmenos
Fedhas
Kikubaaqudgha
Okawaru
Pakellas
Ru
Sif Muna
Trog
Vehumet
Xom
Yredelemnul
Zin
The Shining One
Jiyva

Shops:
D:5 %*   D:10 }   Orc:2 [?:!(

Portals:
Pandemonium: Orc:2

Annotations:
D:5 exclusion: oklob plant


Innate Abilities, Weirdness & Mutations

You reflexively headbutt those who attack you in melee.
You have a pair of horns on your head.
You have sharp toenails.


Message History

Unknown command.
You hit the merfolk avatar. You freeze the merfolk avatar.
You headbutt the merfolk avatar, but do no damage.
The merfolk avatar is moderately wounded.
You barely miss the drowned soul. The drowned soul touches you.
The drowned soul drowns you!
* * * LOW HITPOINT WARNING * * *
Unknown command.
You closely miss the merfolk avatar. You headbutt the merfolk avatar!
The merfolk avatar is heavily wounded.
You miss the drowned soul.
You feel sick.
The merfolk avatar chants its luring song.
Unknown command.
You slash the merfolk avatar! You freeze the merfolk avatar.
Your headbutt misses the merfolk avatar.
The merfolk avatar is severely wounded.
You closely miss the drowned soul. You slice the drowned soul!!
You destroy the drowned soul!
The drowned soul touches you. The drowned soul drowns you!
You die...

≈≈≈≈≈≈≈≈≈≈≈≈≈≈≈≈≈≈≈≈≈≈≈≈≈≈≈
≈≈≈≈≈≈≈≈≈≈≈≈≈≈≈≈≈#####≈≈≈≈≈
.≈≈≈....≈≈≈..≈≈≈## #≈≈≈
....(...≈.≈..≈≈≈# ≈≈≈
........≈≈≈≈≈≈≈W# .≈≈≈≈≈
........≈≈≈≈≈≈W≈ ..≈≈≈≈
......≈.≈≈≈≈≈≈≈≈## #..≈≈≈≈
........≈.≈≈≈≈≈m≈#####...≈≈≈≈
..(....≈≈.≈≈≈≈S≈@.≈......≈≈≈≈
......≈≈≈.≈≈≈............≈≈≈≈
.(..(≈≈≈≈≈≈≈...≈.........≈≈≈≈
...≈≈≈≈≈≈≈≈...≈≈........≈≈≈≈≈
..≈≈≈≈≈≈≈≈≈......)......≈≈≈≈≈
≈≈≈≈≈≈≈≈≈≈≈....#.....≈≈≈≈≈≈≈≈
≈≈≈≈≈≈≈≈≈≈≈....##.....≈≈≈≈≈≈≈
≈≈≈≈≈≈≈≈≈≈≈.......≈....≈≈≈≈≈≈
≈≈≈≈≈≈≈ ≈≈≈.....≈≈....≈≈≈≈≈≈≈


You could see a merfolk avatar, a sea snake and 2 drowned souls.

Vanquished Creatures
  Norris (Spider:2)
  Jorgrun (Spider:3)
  Rupert (Lair:6)
  A kraken (Shoals:1)
  Agnes (Spider:2)
  Kirke (Lair:6)
  Ilsuiw (Shoals:4)
  Donald (Spider:2)
  A deep elf sorcerer (Elf:1)
  7 ghost moths
  6 emperor scorpions
  2 dire elephants (Lair:8)
  3 spark wasps
  The ghost of saintsgambit the Blocker, a journeyman MiFi of Makhleb (Lair:4)
  8 merfolk impalers
  Snorg (Lair:6)
  3 merfolk javelineers
  2 entropy weavers
  3 hydras
  3 merfolk avatars
  An anaconda (Lair:8)
  A catoblepas (Shoals:2)
  3 satyrs
  4 merfolk aquamancers
  8 death yaks
  2 dancing weapons (Elf:1)
  5 orc high priests (Orc:2)
  5 deep elf knights (Elf:1)
  3 soul eaters (Orc:2)
  The ghost of smoot the Cleaver, a novice HOFi of Makhleb (D:5)
  Nergalle (Lair:1)
  The ghost of Jolamar the Covered, a novice DsFi (D:7)
  An obsidian statue (D:9)
  7 sea snakes
  A gelid demonspawn (Orc:2)
  Pikel (D:8)
  A torturous demonspawn (Orc:2)
  3 hill giants
  4 orc knights (Orc:2)
  12 harpies
  2 deep elf archers (Elf:1)
  28 deep elf magi (Elf:1)
  6 orc sorcerers (Orc:2)
  26 orb spiders
  16 fauns
  4 hornets
  3 moths of wrath
  6 manticores
  A cyclops (Shoals:2)
  37 wolf spiders
  12 griffons
  7 elephants (Lair:8)
  Joseph (D:8)
  12 spiny frogs
  5 sirens
  A smoke demon (Orc:2)
  5 black mambas
  4 water nymphs
  An orange demon (Orc:2)
  11 komodo dragons
  2 rime drakes
  10 demonic crawlers
  43 jumping spiders
  2 wind drakes
  13 merfolk
  3 trolls
  A two-headed ogre (Orc:2)
  2 boulder beetles
  17 blink frogs
  5 snapping turtles
  Sigmund (D:2)
  13 water elementals
  35 tarantellas
  57 redbacks
  2 basilisks (Lair:8)
  A fire elemental (Elf:1)
  52 yaks
  15 hippogriffs
  A shadow (D:7)
  A hungry ghost (D:9)
  5 hogs (Lair:6)
  7 swamp worms (Lair:5)
  A warg (Orc:1)
  16 water moccasins
  20 orc warriors
  10 porcupines
  2 black bears (D:8)
  2 ice beasts
  A wasp (Lair:2)
  2 sky beasts
  6 ogres
  18 wolves
  7 centaurs
  A phantom (D:4)
  11 crocodiles
  12 giant frogs
  An earth elemental (Elf:1)
  2 scorpions
  14 killer bees
  9 wights
  6 howler monkeys
  5 electric eels
  2 crimson imps (D:6)
  A giant frog zombie (D:5)
  2 jellies
  18 orc priests
  A giant frog skeleton (D:6)
  9 hounds
  12 orc wizards
  Jessica (D:3)
  A centaur skeleton (D:4)
  5 iguanas
  8 worker ants
  38 sheep
  A killer bee zombie (D:8)
  4 hound skeletons
  10 adders
  A howler monkey skeleton (D:5)
  26 river rats
  2 shadow imps (D:8)
  4 oozes
  An adder zombie (D:5)
  17 worms
  2 dart slugs (D:1)
  6 giant geckos
  57 orcs
  11 giant cockroaches
  8 goblins
  2 hobgoblins (D:1)
  14 jackals
  2 quokkas
  A ball python (D:5)
  4 bats
  A giant gecko skeleton (D:4)
  6 giant newts
  A goblin zombie (D:2)
  11 kobolds
  A quokka zombie (D:7)
  7 rats
  10 fungi
  13 plants
  3 tentacles (Shoals:1)
  A tentacle segment (Shoals:1)
1060 creatures vanquished.

Vanquished Creatures (collateral kills)
  Polyphemus (Shoals:2)
  2 dire elephants (Lair:8)
  A merfolk impaler (Shoals:4)
  2 merfolk avatars
  A satyr (Shoals:3)
  2 sea snakes
  A griffon (Shoals:4)
  4 orb spiders
  2 sirens
  3 merfolk (Shoals:4)
  2 jumping spiders (Spider:4)
  2 redbacks (Spider:4)
  An electric eel (D:9)
24 creatures vanquished.

Vanquished Creatures (others)
  A deep elf mage (Elf:1)
  An orb spider (Spider:4)
  A siren (Shoals:4)
  2 redbacks
  A water elemental (Shoals:2)
  2 slaves (D:8)
  An orc wizard (D:5)
  15 fungi
  11 plants
  6 tentacles (Shoals:1)
  98 tentacle segments (Shoals:1)
  19 toadstools (D:5)
158 creatures vanquished.

Grand Total: 1242 creatures vanquished

Notes
Turn   | Place    | Note
--------------------------------------------------------------
     0 | D:1      | CountDeLaPain the Minotaur Berserker began the quest for the Orb.
     0 | D:1      | Reached XP level 1. HP: 19/19 MP: 0/0
     1 | D:1      | Found a runed door.
   128 | D:1      | Reached skill level 4 in Axes
   128 | D:1      | Reached XP level 2. HP: 21/27 MP: 1/1
   817 | D:2      | Found a runed door.
   817 | D:2      | Noticed a human
   820 | D:2      | Reached XP level 3. HP: 31/33 MP: 2/2
   836 | D:2      | Found a basalt altar of Yredelemnul.
   990 | D:2      | Reached ** piety under Trog
  1098 | D:2      | Found an ancient bone altar of Kikubaaqudgha.
  1127 | D:2      | Noticed Sigmund
  1138 | D:2      | Killed Sigmund
  1138 | D:2      | Reached skill level 5 in Fighting
  1138 | D:2      | Reached skill level 5 in Axes
  1138 | D:2      | Reached XP level 4. HP: 42/42 MP: 3/3
  1138 | D:2      | Reached XP level 5. HP: 48/48 MP: 4/4
  1179 | D:2      | Found a sacrificial altar of Ru.
  1932 | D:3      | Found an oddly glowing altar of Pakellas.
  1957 | D:3      | Reached XP level 6. HP: 56/56 MP: 5/5
  2172 | D:3      | Noticed Jessica
  2180 | D:3      | Killed Jessica
  2567 | D:3      | Reached *** piety under Trog
  2719 | D:4      | Reached skill level 6 in Axes
  2776 | D:4      | Reached skill level 5 in Armour
  2776 | D:4      | Reached XP level 7. HP: 38/62 MP: 6/6
  3009 | D:4      | Found a deep blue altar of Sif Muna.
  3287 | D:4      | Reached skill level 5 in Dodging
  3837 | D:5      | Entered Level 5 of the Dungeon
  3837 | D:5      | Found Juvvont's Food Boutique.
  3942 | D:5      | Reached XP level 8. HP: 70/70 MP: 7/7
  4035 | D:5      | Found Otiat's General Store.
  4042 | D:5      | Bought a scroll of recharging for 104 gold pieces
  4045 | D:5      | Bought a scroll of magic mapping for 38 gold pieces
  4102 | D:5      | Reached skill level 7 in Axes
  4473 | D:5      | Noticed smoot's ghost (novice HOFi)
  4499 | D:5      | Killed smoot's ghost
  4743 | D:5      | Found a blossoming altar of Fedhas.
  4764 | D:5      | Noticed an oklob plant
  4894 | D:5      | Reached skill level 8 in Axes
  4910 | D:5      | Reached XP level 9. HP: 40/79 MP: 8/8
  5422 | D:6      | Reached **** piety under Trog
  5565 | D:6      | Found a shimmering altar of Xom.
  5583 | D:6      | Found an iron altar of Okawaru.
  5805 | D:6      | Found a staircase to the Ecumenical Temple.
  5806 | D:6      | Found a glowing silver altar of Zin.
  5978 | D:6      | Found a shattered altar of Ashenzari.
  6340 | D:7      | Found a radiant altar of Vehumet.
  6611 | D:7      | Noticed Jolamar's ghost (novice DsFi)
  6619 | D:7      | Killed Jolamar's ghost
  6619 | D:7      | Reached skill level 9 in Axes
  6884 | D:7      | Noticed a hill giant
  6892 | D:7      | Killed a hill giant
  6892 | D:7      | Reached XP level 10. HP: 53/90 MP: 9/9
  7112 | D:7      | Got a fine plate armour
  7113 | D:7      | Identified the +9 plate armour "Beughip" {Str+6 Dex+5} (You found it on level 7 of the Dungeon)
  7428 | D:8      | Found a bloodstained altar of Trog.
  7437 | D:8      | Reached skill level 10 in Axes
  7671 | D:8      | Found a shadowy altar of Dithmenos.
  7827 | D:8      | Noticed Pikel
  7832 | D:8      | Killed Pikel
  7851 | D:8      | Noticed Joseph
  7868 | D:8      | Killed Joseph
  8036 | D:8      | Found a glowing golden altar of the Shining One.
  8370 | D:9      | Reached skill level 11 in Axes
  8400 | D:9      | Reached ***** piety under Trog
  8557 | D:9      | Reached skill level 10 in Armour
  8607 | D:9      | Found a staircase to the Lair.
  8680 | D:9      | Reached skill level 1 in Evocations
  9140 | D:9      | Noticed an obsidian statue
  9179 | D:9      | Noticed a sixfirhy
  9194 | D:9      | Noticed a sixfirhy
  9199 | D:9      | Noticed a sun demon
  9201 | D:9      | Killed an obsidian statue
  9201 | D:9      | Reached XP level 11. HP: 82/97 MP: 11/11
  9489 | Lair:1   | Entered Level 1 of the Lair of Beasts
  9503 | Lair:1   | Reached skill level 10 in Fighting
 10141 | Lair:1   | Reached skill level 12 in Axes
 10519 | Lair:1   | Received a gift from Trog
 10549 | Lair:1   | Noticed Nergalle
 10585 | Lair:1   | Killed Nergalle
 11388 | D:10     | Entered Level 10 of the Dungeon
 11419 | D:10     | Found Sesaira's Gadget Shoppe.
 11567 | D:10     | Noticed a hill giant
 11573 | D:10     | Killed a hill giant
 11606 | D:10     | Reached skill level 10 in Dodging
 11731 | D:10     | Found a staircase to the Orcish Mines.
 12097 | D:10     | Noticed a hill giant
 12104 | D:10     | Killed a hill giant
 12414 | Lair:2   | Reached XP level 12. HP: 106/108 MP: 14/14
 12741 | Lair:2   | Reached skill level 13 in Axes
 12797 | Lair:2   | Noticed a seven-headed hydra
 12803 | Lair:2   | Killed a seven-headed hydra
 12807 | Lair:2   | Reached skill level 5 in Evocations
 13313 | Lair:3   | Noticed a four-headed hydra
 13323 | Lair:3   | Killed a four-headed hydra
 13776 | Lair:3   | Found a hole to the Spider Nest.
 14037 | Lair:3   | Received a gift from Trog
 14042 | Lair:3   | Got a crystal glaive {god gift}
 14043 | Lair:3   | Identified the +2 glaive of the Final Decision {holy, +Inv} (Trog gifted it to you on level 3 of the Lair of Beasts)
 14250 | Lair:4   | Noticed saintsgambit's ghost (journeyman MiFi)
 14284 | Lair:4   | Killed saintsgambit's ghost
 14664 | Lair:4   | Noticed a death yak
 14665 | Lair:4   | Noticed a death yak
 14666 | Lair:4   | Noticed a death yak
 14667 | Lair:4   | Noticed a death yak
 14676 | Lair:4   | Killed a death yak
 14676 | Lair:4   | Reached skill level 14 in Axes
 14678 | Lair:4   | Killed a death yak
 14679 | Lair:4   | Killed a death yak
 14681 | Lair:4   | Killed a death yak
 15081 | Lair:5   | Found a staircase to the Shoals.
 15097 | Lair:5   | Reached XP level 13. HP: 105/117 MP: 15/17
 15659 | Lair:5   | Received a gift from Trog
 16208 | Lair:6   | Noticed Rupert
 16222 | Lair:6   | Killed Rupert
 16222 | Lair:6   | Reached skill level 15 in Axes
 16436 | Lair:6   | Noticed Kirke
 16451 | Lair:6   | Killed Kirke
 16613 | Lair:6   | Noticed Snorg
 16622 | Lair:6   | Killed Snorg
 17584 | Lair:7   | Received a gift from Trog
 18400 | Lair:8   | Entered Level 8 of the Lair of Beasts
 18650 | Lair:8   | Reached skill level 16 in Axes
 18854 | Lair:8   | Reached XP level 14. HP: 89/129 MP: 19/19
 18856 | Lair:8   | Reached XP level 15. HP: 95/136 MP: 20/20
 18911 | Lair:8   | Found a staircase to the Slime Pits.
 18912 | Lair:8   | Found a viscous altar of Jiyva.
 19671 | Lair:8   | Received a gift from Trog
 20510 | Orc:1    | Entered Level 1 of the Orcish Mines
 20800 | Orc:2    | Entered Level 2 of the Orcish Mines
 21220 | Orc:2    | Found Nuobbeciole's Antique Armour Emporium.
 21253 | Orc:2    | Found a staircase to the Elven Halls.
 21269 | Orc:2    | Received a gift from Trog
 21476 | Orc:2    | Found Foag's Distillery.
 21483 | Orc:2    | Found Xatrulla's Magic Scroll Emporium.
 21628 | Orc:2    | Reached skill level 17 in Axes
 22182 | Orc:2    | Found Tiumaumi's Book Shop.
 22182 | Orc:2    | Found Rodiwawo's Antique Weapon Boutique.
 22183 | Orc:2    | Found a one-way gate leading to the halls of Pandemonium.
 22678 | Spider:1 | Entered Level 1 of the Spider Nest
 23606 | Spider:1 | Received a gift from Trog
 24068 | Spider:1 | Reached skill level 15 in Fighting
 24078 | Spider:1 | Received a gift from Trog
 24114 | Spider:1 | Reached skill level 10 in Evocations
 24219 | Spider:1 | Reached XP level 16. HP: 149/149 MP: 22/22
 24227 | Spider:1 | Reached skill level 18 in Axes
 24603 | Spider:2 | Reached skill level 15 in Armour
 25136 | Spider:2 | Noticed Agnes
 25151 | Spider:2 | Killed Agnes
 25272 | Spider:2 | Noticed Donald
 25278 | Spider:2 | Killed Donald
 25388 | Spider:2 | Got a smoking glass ring
 25389 | Spider:2 | Identified the ring "Riwnil" {Fragile rElec rN+ MR+} (You took it off Agnes on level 2 of the Spider Nest)
 25415 | Spider:2 | Noticed Norris
 25426 | Spider:2 | Killed Norris
 26004 | Spider:3 | Noticed Jorgrun
 26014 | Spider:3 | Killed Jorgrun
 26661 | Spider:3 | Gained mutation: You have sharp toenails. [potion of beneficial mutation]
 26780 | Spider:4 | Entered Level 4 of the Spider Nest
 26792 | Spider:4 | Received a gift from Trog
 26965 | Spider:4 | Reached skill level 19 in Axes
 28039 | Spider:4 | Reached XP level 17. HP: 146/159 MP: 24/24
 28331 | Spider:4 | Received a gift from Trog
 30119 | Spider:4 | Got a gossamer rune of Zot
 30453 | Spider:1 | You fall through a shaft!
 30788 | Elf:1    | Entered Level 1 of the Elven Halls
 30815 | Elf:1    | Reached skill level 20 in Axes
 30980 | Elf:1    | Found a radiant altar of Vehumet.
 31299 | Elf:1    | Received a gift from Trog
 31531 | Elf:1    | Reached ****** piety under Trog
 32566 | Shoals:1 | Entered Level 1 of the Shoals
 33199 | Shoals:1 | Received a gift from Trog
 33351 | Shoals:1 | Reached XP level 18. HP: 141/170 MP: 26/26
 33540 | Shoals:1 | You fall through a shaft!
 33812 | Shoals:2 | Noticed Polyphemus
 34725 | Shoals:2 | Reached skill level 21 in Axes
 35082 | Shoals:2 | Identified a scroll of acquirement
 35411 | Shoals:2 | Killed Polyphemus
 35776 | Shoals:3 | Received a gift from Trog
 36969 | Shoals:4 | Entered Level 4 of the Shoals
 37055 | Shoals:4 | Noticed Ilsuiw
 37200 | Shoals:4 | Killed Ilsuiw
 37263 | Shoals:4 | Received a gift from Trog
 37349 | Shoals:4 | HP: 8/172 [drowned by a water nymph (9)]
 37467 | Shoals:4 | Drowned by a drowned soul

Skill      XL: |  1  2  3  4  5  6  7  8  9 10 11 12 13 14 15 16 17 18 |
---------------+-------------------------------------------------------+-----
Axes           | 4 5 6 8 9 11 12 14 16 17 19 20 21 | 21.6
Fighting       | 5 6 7 8 9 10 11 13 15 16 17 18 | 18.3
Armour         | 3 4 5 7 8 10 11 12 13 14 15 16 17 | 17.5
Dodging        | 3 4 5 7 9 10 11 | 11.4
Evocations     | 2 4 6 8 10 11 12 | 12.9
Polearms       | 2 |  2.5
Maces & Flails | |  0.8
Stealth        | |  0.1

Action                   |  1- 3 |  4- 6 |  7- 9 | 10-12 | 13-15 | 16-18 || total
-------------------------+-------+-------+-------+-------+-------+-------++-------
Melee: Hand axe          |    60 |   131 |   280 |       |       |       ||   471
       Headbutt          |    10 |    18 |    64 |   131 |   228 |   299 ||   750
       Broad axe         |       |       |    32 |   528 |   222 |       ||   782
       Flail             |       |       |       |    11 |     2 |       ||    13
       Battleaxe         |       |       |       |       |   514 |  1206 ||  1720
       Glaive            |       |       |       |       |     5 |       ||     5
Invok: Berserk           |     1 |     2 |     8 |     5 |     9 |    12 ||    37
       Trog's Hand       |       |       |     4 |     3 |     9 |    16 ||    32
       Brothers in Arms  |       |       |       |       |     2 |     4 ||     6
 Abil: Evoke Flight      |       |       |       |       |       |     5 ||     5
Evoke: Wand              |       |       |       |     3 |     2 |    15 ||    20
       Stone of tremors  |       |       |       |     1 |     1 |     2 ||     4
       Lamp of fire      |       |       |       |       |     1 |     5 ||     6
       Phial of floods   |       |       |       |       |       |     7 ||     7
  Use: Scroll            |     3 |     3 |     7 |     8 |    14 |    17 ||    52
       Potion            |       |       |       |     2 |     4 |     4 ||    10
 Stab: Distracted        |       |       |       |       |       |     1 ||     1
       Petrifying        |       |       |       |       |       |     3 ||     3
       Petrified         |       |       |       |       |       |     1 ||     1
  Eat: Chunk             |     1 |     8 |    20 |    31 |    34 |    34 ||   128
       Fruit             |       |       |       |     2 |     4 |    11 ||    17
       Royal jelly       |       |       |       |     1 |       |     2 ||     3
       Bread ration      |       |       |       |       |     1 |       ||     1
       Beef jerky        |       |       |       |       |       |     1 ||     1
       Meat ration       |       |       |       |       |       |     2 ||     2
       Pizza             |       |       |       |       |       |     1 ||     1
Armor: Ring mail         |    23 |    43 |   104 |       |       |       ||   170
       Scale mail        |       |       |    14 |       |       |       ||    14
       Chain mail        |       |       |    11 |       |       |       ||    11
       Plate armour      |       |       |       |   428 |   439 |   982 ||  1849
Dodge: Dodged            |    41 |    72 |   182 |   411 |   477 |  1274 ||  2457
       Deflected         |       |       |       |       |       |    68 ||    68
